 Dungeon Crawl Stone Soup version 0.23.0 (webtiles) character file.

Game seed: 13586738121044843076

56 Infinimo the Insei (level 3, -1/26 HPs)
             Began as a Demonspawn Transmuter on Feb 10, 2019.
             Slain by a gnoll
             ... wielding a +0 whip
              (4 damage)
             ... on level 2 of the Dungeon.
             The game lasted 00:02:18 (1752 turns).

Infinimo the Insei (Demonspawn Transmuter)          Turns: 1752, Time: 00:02:18

Health: -1/26      AC:  3    Str: 10    XL:     3   Next: 71%
Magic:  5/6        EV: 12    Int: 15    God:
Gold:   39         SH:  0    Dex: 13    Spells: 5/6 levels left

rFire    + . .     SeeInvis .     - Unarmed
rCold    + . .     Gourm    .   (no shield)
rNeg     . . .     Faith    .   b - +0 robe
rPois    +         Spirit   .   (no helmet)
rElec    +         Reflect  .   (no cloak)
rCorr    +         Harm     .   (no gloves)
MR       .....                  g - +0 pair of boots
Stlth    +.........             (no amulet)
HPRegen  0.08/turn              (no ring)
MPRegen  0.10/turn              (no ring)

@: appendage (expiring), resistant
A: horns 2, rot immunity
a: End Transformation


You were on level 2 of the Dungeon.
You were not hungry.
You had grown temporary horns.
You visited 1 branch of the dungeon, and saw 2 of its levels.

You collected 39 gold pieces.

Inventory:

Missiles
 a - 12 arrows
Armour
 b - a +0 robe (worn)
 g - a +0 pair of boots (worn)
Potions
 f - a potion of curing
 j - 2 potions of brilliance {unknown}
 l - a potion of haste {unknown}
Comestibles
 d - 2 rations


   Skills:
 - Level 1.0 Fighting
 - Level 1.7 Dodging
 * Level 3.8 Unarmed Combat
 - Level 2.0 Spellcasting
 + Level 2.5 Transmutations


You had 5 spell levels left.
You knew the following spells:

 Your Spells              Type           Power        Failure   Level  Hunger
a - Beastly Appendage     Tmut           #.....       8%          1    #......

Your spell library contained the following spells:

 Spells                   Type           Power        Failure   Level  Hunger
 Sticks to Snakes         Tmut           #.......     12%         2    ###....
 Spider Form              Tmut/Pois      #.........   36%         3    ###....
 Ice Form                 Ice/Tmut       #.......     78%         4    #####..
 Blade Hands              Tmut           #.........   91%         5    ######.


Dungeon Overview and Level Annotations

Branches:
Dungeon (2/15)

Altars:


Innate Abilities, Weirdness & Mutations

You are immune to rotting.
You have a pair of horns on your head.


Message History

There is a stone staircase leading down here.
You climb downwards.
The gnoll hits you with a +0 whip!
There is a stone staircase leading up, spattered with blood here.
Unknown command.
Casting: Beastly Appendage (safe; 8% risk of failure)
Confirm with . or Enter, or press ? or * to list all spells.
You grow a pair of large bovine horns.
The gnoll hits you with a +0 whip!
You punch the gnoll.
The gnoll is moderately wounded.
The gnoll hits you with a +0 whip.
The gnoll is moderately wounded.
The gnoll hits you with a +0 whip.
* * * LOW HITPOINT WARNING * * *
The gnoll is heavily wounded.
Your transformation is almost over.
It was a potion of resistance.
You feel protected. The gnoll hits you with a +0 whip.
You die...

,,,,,,,......########..,,,,,,,,,,
,,,,,,,,.........≈≈.≈...,,,,,,,,,
,,,,,,*###...≈..≈.≈≈.≈.≈,****,,,,
,,,,,,##≈≈≈≈≈≈≈≈≈≈≈≈≈.≈≈≈≈≈≈*,,,,
,,,,,,#≈≈≈≈≈÷≈≈≈≈≈≈≈≈≈≈≈≈≈***,,,,
******#≈##..≈≈......≈..≈,****,,,,
#** *≈≈#...≈.≈.........,,,,,,***
#≈#######.>...........#******,,,≈
#≈..##..........@..#### **,,,
#≈≈..#.........g##.#******* *,,,
#≈.......##.#####*,..,,,,,* **,,
#≈≈.≈.......# ***##,,,,****,,*
#≈.≈......### *,,,,,,,,,**
#≈#.......# *,,,,,**,,**
###.......# *,,,*,**,,,,
#......######## *,,,*,*,,***
#.....)†gg†...## *****,*,** *


You could see a gnoll.

Vanquished Creatures
  2 gnolls (D:2)
  5 bats (D:1)
  7 goblins
  7 hobgoblins
  2 jackals (D:1)
  A frilled lizard (D:1)
  7 kobolds
  4 rats (D:1)
35 creatures vanquished.

Notes
Turn   | Place    | Note
-------+----------+-------------------------------------------
     0 | D:1      | Infinimo the Demonspawn Transmuter began the quest for the
                  | Orb.
     0 | D:1      | Reached XP level 1. HP: 15/15 MP: 3/3
   177 | D:1      | Reached skill level 3 in Unarmed Combat
   339 | D:1      | Gained mutation: You are immune to rotting. [demonic
                  | ancestry]
   339 | D:1      | Reached XP level 2. HP: 21/21 MP: 3/5
  1198 | D:1      | Reached XP level 3. HP: 25/26 MP: 4/6
  1752 | D:2      | Slain by a gnoll

Skill      XL: |  1 |
---------------+----+-----
Unarmed Combat | 3 |  3.8
Transmutations | 2 |  2.5
Fighting       | |  1.0
Dodging        | |  1.7
Spellcasting   | |  2.0

Action                   || total
-------------------------++-------
Melee: Unarmed           ||    93
       Kick              ||     4
       Headbutt          ||     7
       Punch             ||     1
 Cast: Beastly Appendage ||    19
  Use: Scroll            ||     3
       Potion            ||     2
 Stab: Sleeping          ||     1
  Eat: Chunk             ||     3
Armor: Robe              ||    27
Dodge: Dodged            ||    74
